cohdb
Replays
Latest Replays
All Replays
Popular Replays
Top Player Replays
Match Explorer
How It Works
Community
CoH3 Stats
Reddit
Sign in to upload your games and track your stats! →
Sign in with Steam
Match 42595601
Unlisted
Match 42595601
Overview
Messages
Build Orders
End
Kettenkrad Recon Vehicle
Construct Infanterie Kompanie
MG 42 Machine Gun Team
Grenadier Squad
Grenadier Squad
Construct Panzergrenadier Kompanie
Selects Breakthrough Battlegroup
Selects Assault Grenadiers
Selects 2.5-tonne Cargo Truck
Medical Station
Panzergrenadier Squad
Selects Smoke Bombing Run
Selects Mechanized Assault Group
Pak 40 Anti-tank Gun Team
Construct Luftwaffe Kompanie
Jäger Squad
Selects Rapid Production
Mechanized Assault Group
Construct Panzer Kompanie
Selects Blitzkrieg
Panzer IV Medium Tank
Panzer IV Medium Tank
Pioneer Squad
Selects Tiger Heavy Tank
Tiger Heavy Tank
Мокара
Dr.Tod
Sarmynation
nelis
0
0
Comments
sign in to comment!
No comments posted yet!